 Dungeon Crawl Stone Soup version 0.27-a0-341-g40fdf68bc5 (webtiles) character file.

Game seed: 10060641812046858577

10187 EldarEldrad the Cleaver (level 11, -2/142 HPs)
             Began as a Minotaur Berserker on Feb 14, 2021.
             Was a High Priest of Trog.
             Slain by a basilisk (7 damage)
             ... on level 1 of the Lair of Beasts.
             The game lasted 00:41:20 (12676 turns).

EldarEldrad the Cleaver (Minotaur Berserker)       Turns: 12676, Time: 00:41:20

Health: -2/142     AC: 21    Str: 25    XL:     11   Next: 32%
Magic:  0/10       EV: 16    Int:  4    God:    Trog [*****.]
Gold:   596        SH:  0    Dex: 10    Spells: 10/10 levels left

rFire    . . .     SeeInvis .   a - +0 war axe
rCold    . . .     Faith    .   (no shield)
rNeg     . . .     Spirit   +   M - +3 scale mail
rPois    .         Reflect  .   O - +1 hat
rElec    .         Harm     .   C - +0 cloak
rCorr    .         Rampage  .   A - +0 pair of gloves
Will     ++...                  x - +0 pair of boots
Stlth    ..........             c - amulet of guardian spirit
HPRegen  1.33/turn              e - +4 ring of evasion
MPRegen  0.12/turn              g - +4 ring of protection

@: berserking, lethally poisoned (-2 -> -12), regenerating, very quick
A: retaliatory headbutt, horns 2
a: Renounce Religion, Berserk, Trog's Hand, Brothers in Arms


You were on level 1 of the Lair of Beasts.
You worshipped Trog.
Trog was extremely pleased with you.
You visited 3 branches of the dungeon, and saw 12 of its levels.
You also visited: Sewer.

You collected 632 gold pieces.
You spent 36 gold pieces at shops.

Inventory:

Hand Weapons
 a - a +0 war axe (weapon)
 b - a +4 whip
Missiles
 o - 17 poisoned darts (quivered)
Armour
 x - a +0 pair of boots (worn)
 A - a +0 pair of gloves (worn)
 C - a +0 cloak (worn)
 M - a +3 scale mail (worn)
 O - a +1 hat (worn)
Jewellery
 c - an amulet of guardian spirit (around neck)
 e - a +4 ring of evasion (left hand)
 g - a +4 ring of protection (right hand)
 h - a ring of wizardry {unknown}
 u - a ring of see invisible
 K - an amulet of magic regeneration {unknown}
 N - a +6 ring of strength {unknown}
Wands
 q - a wand of paralysis (5)
 B - a wand of flame (41)
 F - a wand of iceblast (7)
 G - a wand of acid (8)
Scrolls
 d - 5 scrolls of amnesia {unknown}
 f - 8 scrolls of teleportation
 i - a scroll of random uselessness {unknown}
 l - 2 scrolls of enchant weapon {unknown}
 n - 4 scrolls of blinking {unknown}
 w - a scroll of magic mapping {unknown}
 y - a scroll of identify
 H - a scroll of torment {unknown}
 I - a scroll of noise {unknown}
 L - a scroll of fear {unknown}
 P - a scroll of enchant armour {unknown}
Potions
 j - 9 potions of curing
 k - 3 potions of degeneration {unknown}
 m - 3 potions of flight
 p - 4 potions of haste
 r - 3 potions of heal wounds {unknown}
 s - 2 potions of might {unknown}
 t - 2 potions of attraction
 v - 3 potions of lignification
 z - 3 potions of brilliance {unknown}
 D - a potion of invisibility {unknown}
 E - a potion of berserk rage
 J - a potion of mutation {unknown}


   Skills:
 + Level 8.4 Fighting
 - Level 14.0 Axes
 - Level 12.0 Armour
 * Level 4.1 Dodging
 - Level 5.0 Evocations


You had 10 spell levels left.
You didn't know any spells.
Your spell library was empty.

Dungeon Overview and Level Annotations

Branches:
Dungeon (10/15)            Temple (1/1) D:7            Lair (1/6) D:10
    Orc (0/2) D:9           Sewer (visited)

Altars:
Ashenzari
Cheibriados
Dithmenos
Elyvilon
Fedhas
Gozag
Hepliaklqana
Kikubaaqudgha
Makhleb
Nemelex Xobeh
Okawaru
Qazlal
Ru
Sif Muna
Trog
Uskayaw
Vehumet
Wu Jian
Xom
Yredelemnul
Zin
The Shining One

Shops:
D:4 [   D:8 *

Annotations:
D:10 2 transporters, Burana's ghost, journeyman DgIE


Innate Abilities, Weirdness & Mutations

You reflexively headbutt those who attack you in melee.
You have a pair of horns on your head.


Message History

You hit the cane toad but do no damage.
The cane toad is moderately wounded.
* * * LOW HITPOINT WARNING * * *
You feel sick.
You completely miss the cane toad.
The cane toad is moderately wounded.
* * * LOW HITPOINT WARNING * * *
You feel sick. The cane toad barely misses you.
You completely miss the cane toad. You headbutt the cane toad!
The cane toad is heavily wounded.
* * * LOW HITPOINT WARNING * * *
You feel sick. The cane toad closely misses you.
You slash the cane toad!
The cane toad is severely wounded.
* * * LOW HITPOINT WARNING * * *
You feel very sick.
You slash the cane toad!
You kill the cane toad!
Trog accepts your kill.
Trog will now gift you melee weapons as you gain piety.
* * * LOW HITPOINT WARNING * * *
You feel sick.
Your Dodging skill increases to level 4!
* * * LOW HITPOINT WARNING * * *
You feel sick.
The basilisk bites you but does no damage.
You see here a cane toad corpse.
You barely miss the basilisk. Your headbutt misses the basilisk.
* * * LOW HITPOINT WARNING * * *
You feel sick. The basilisk gazes at you. You resist with almost no effort.
You hit the basilisk but do no damage.
* * * LOW HITPOINT WARNING * * *
You feel sick.
You slash the basilisk!
The basilisk is moderately wounded.
* * * LOW HITPOINT WARNING * * *
You feel sick. The basilisk bites you!
You die...

#.#P.P# ####.P# ### ##...#
..# ##†#..# #.# # .†...##
#.# .# #.#### #.# .l. ....#
###'## ## .... ...##
##....#####.#..... ...#
#.....'@l..+......
...########>...##.#........
...#......'....#####.......
......#####....# ..#.###
...#.## #.#### ### # ....##
### #####


You could see a basilisk.

Vanquished Creatures
  Gastronok (D:10)
  A two-headed ogre (D:9)
  A black mamba (Lair:1)
  Maurice (D:8)
  Joseph (D:7)
  A cane toad (Lair:1)
  Maggie (D:7)
  A troll (D:9)
  A wraith (D:10)
  13 yaks (Lair:1)
  Menkaure (D:7)
  A soldier ant (D:10)
  2 wargs (D:10)
  5 water moccasins
  An ice beast (D:8)
  A sky beast (D:8)
  3 orc warriors
  A black bear (Lair:1)
  5 ogres
  3 centaurs
  A phantom (D:9)
  A kobold brigand (D:7)
  3 bullfrogs
  A wyvern zombie (D:7)
  A scorpion (D:10)
  3 howler monkeys
  7 wights
  A bullfrog zombie (D:6)
  A quasit (D:6)
  2 orc priests
  3 hounds
  2 jellies (D:9)
  A centaur skeleton (D:6)
  2 bullfrog skeletons
  2 iguanas
  8 orc wizards
  2 worker ants
  2 hound zombies
  A hound skeleton (D:5)
  8 gnolls
  13 adders
  A howler monkey skeleton (D:9)
  4 shadow imps
  A white imp (D:6)
  2 ufetubi
  3 oozes
  2 worms
  A dart slug (D:3)
  8 leopard geckos
  39 orcs
  9 bats
  9 giant cockroaches
  15 goblins
  6 hobgoblins
  23 jackals
  20 kobolds
  5 quokkas
  3 ball pythons
  8 frilled lizards
  2 leopard gecko zombies
  A quokka zombie (D:9)
  9 rats
281 creatures vanquished.

Vanquished Creatures (others)
  2 fungi (Lair:1)
  21 plants
23 creatures vanquished.

Grand Total: 304 creatures vanquished

Notes
Turn   | Place    | Note
-------+----------+-------------------------------------------
     0 | D:1      | EldarEldrad the Minotaur Berserker began the quest for the
                  | Orb.
     0 | D:1      | Reached XP level 1. HP: 19/19 MP: 0/0
   198 | D:1      | Reached skill level 4 in Axes
   215 | D:1      | Reached XP level 2. HP: 19/26 MP: 1/1
   727 | D:1      | Reached skill level 5 in Axes
   770 | D:1      | Reached ** piety under Trog
   771 | D:1      | Reached XP level 3. HP: 30/31 MP: 2/2
  1666 | D:2      | Reached skill level 6 in Axes
  1666 | D:2      | Reached XP level 4. HP: 39/39 MP: 3/3
  2374 | D:3      | Reached *** piety under Trog
  2457 | D:3      | Reached XP level 5. HP: 45/45 MP: 4/4
  2467 | D:3      | Reached skill level 7 in Axes
  2964 | D:3      | Reached skill level 8 in Axes
  3235 | D:4      | Reached XP level 6. HP: 37/51 MP: 2/5
  3383 | D:4      | Found Vuekhligu's Antique Armour Emporium.
  3678 | D:4      | Found a glowing drain.
  3693 | Sewer    | Entered a sewer
  3847 | Sewer    | Reached **** piety under Trog
  4738 | D:4      | Found a hazy altar of Hepliaklqana.
  4759 | D:5      | Entered Level 5 of the Dungeon
  4805 | D:5      | Reached skill level 9 in Axes
  5151 | D:5      | Noticed a water moccasin
  5158 | D:5      | Killed a water moccasin
  5159 | D:5      | Reached XP level 7. HP: 57/57 MP: 6/6
  5516 | D:5      | Reached skill level 10 in Axes
  6265 | D:6      | Reached skill level 11 in Axes
  6453 | D:6      | Found an opulent altar of Gozag.
  6453 | D:6      | Found an iron altar of Okawaru.
  6554 | D:6      | Reached XP level 8. HP: 49/64 MP: 5/7
  6770 | D:6      | Reached skill level 12 in Axes
  7211 | D:7      | Found a staircase to the Ecumenical Temple.
  7220 | Temple   | Entered the Ecumenical Temple
  7483 | D:7      | Noticed Joseph
  7500 | D:7      | Killed Joseph
  7500 | D:7      | Reached ***** piety under Trog
  7501 | D:7      | Reached skill level 13 in Axes
  7700 | D:7      | Found a shimmering altar of Xom.
  7700 | D:7      | Found a shimmering altar of Xom.
  7700 | D:7      | Found a shimmering altar of Xom.
  8066 | D:7      | Noticed Menkaure
  8074 | D:7      | Killed Menkaure
  8075 | D:7      | Reached XP level 9. HP: 42/70 MP: 4/8
  8119 | D:7      | Received a gift from Trog
  8136 | D:7      | Found a hide-covered altar of Uskayaw.
  8247 | D:7      | Noticed a two-headed ogre
  8247 | D:7      | Noticed an unseen horror
  8314 | D:7      | Found a sparkling altar of Nemelex Xobeh.
  8331 | D:7      | Reached skill level 14 in Axes
  8422 | D:7      | Noticed Maggie
  8444 | D:7      | Killed Maggie
  8445 | D:7      | Reached skill level 5 in Fighting
  8803 | D:8      | Found Uhitrade's Changing Room.
  8803 | D:8      | Noticed Maurice
  8827 | D:8      | Killed Maurice
  8828 | D:8      | Reached skill level 5 in Armour
  8839 | D:8      | Bought a potion of lignification for 36 gold pieces
  9234 | D:8      | Found a flagged portal.
  9709 | D:9      | Noticed a troll
  9720 | D:9      | Killed a troll
  9984 | D:9      | Found a basalt altar of Yredelemnul.
 10419 | D:9      | Noticed a two-headed ogre
 10431 | D:9      | Killed a two-headed ogre
 10432 | D:9      | Reached skill level 10 in Armour
 10432 | D:9      | Reached XP level 10. HP: 55/81 MP: 5/9
 10545 | D:9      | Found a snail-covered altar of Cheibriados.
 10634 | D:9      | Found a blossoming altar of Fedhas.
 10722 | D:9      | Found a sacrificial altar of Ru.
 10919 | D:9      | Found a staircase to the Orcish Mines.
 11002 | D:10     | Entered Level 10 of the Dungeon
 11085 | D:10     | Found a transporter.
 11097 | D:10     | Noticed Burana's ghost (journeyman DgIE)
 11098 | D:10     | Noticed a moth of wrath
 11098 | D:10     | Noticed a wolf spider
 11356 | D:10     | Found a staircase to the Lair.
 11724 | D:10     | Found a transporter.
 11775 | D:10     | Noticed Gastronok
 11795 | D:10     | Killed Gastronok
 12228 | Lair:1   | Entered Level 1 of the Lair of Beasts
 12246 | Lair:1   | Reached XP level 11. HP: 59/91 MP: 7/10
 12447 | Lair:1   | Reached skill level 5 in Evocations
 12674 | Lair:1   | HP: 6/142 [poisoned by a black mamba]
 12676 | Lair:1   | Slain by a basilisk

Illustrated notes

Levels and vault maps discovered:
D:1:      denvon_arrival_planthouse, layout_basic, hangedman_decor_push
D:2:      layout_loops_ring, minivault_19, ebering_dispersal_statue_hall
D:3:      cheibrodos_helix_gallery, layout_basic, chequers_serial_rivers_micro_b
D:4:      layout_basic, nzn_hepliaklqana_mist_gate, serial_shops,
          nicolae_shop_waterfront, gup_sewer_entry_pipe
D:5:      layout_basic
D:6:      kennysheep_spiral_hall, layout_loops_ring,
          gammafunk_temple_overflow_elements
D:7:      layout_loops_corners, kennysheep_little_box,
          lemuel_coloured_pillars_altar, xom_shifter_show,
          minmay_temple_entry_waves, uniq_menkaure, uniq_joseph, uniq_maggie
D:8:      layout_loops_cross, enter_bailey_8, nicolae_transmutations_shop,
          uniq_maurice
D:9:      layout_layer_cave, kennysheep_mini_moat, old_standard_altar,
          nicolae_ru_awakened_eye, hiddenorc1_lemuel, basic_altar,
          glass_columns_a, grunt_decor_junction, hangedman_decor_riveting,
          roderic_lattice_a
D:10:     layout_loops_corners, erik_lair_orcish_takeover,
          gammafunk_ghost_berserking_beasts, uniq_gastronok
Temple:   dshaligram_water_room_temple
Lair:1:   layout_roguey, serial_rivers, chequers_serial_rivers_micro_c,
          chequers_serial_rivers_small_b, chequers_serial_rivers_micro_c,
          chequers_serial_rivers_large_b, chequers_serial_rivers_micro_d,
          chequers_serial_rivers_micro_a, grunt_megastairs_2

Skill      XL: |  1  2  3  4  5  6  7  8  9 10 11 |
---------------+----------------------------------+-----
Axes           | 4 5 6 8 9 11 13 14 | 14.0
Fighting       | 5 6 8 |  8.4
Armour         | 10 12 | 12.0
Evocations     | 4 5 |  5.0
Dodging        | 4 |  4.1

Action                   |  1- 3 |  4- 6 |  7- 9 | 10-12 || total
-------------------------+-------+-------+-------+-------++-------
Melee: Hand axe          |    83 |   241 |    60 |       ||   384
       Headbutt          |    10 |    47 |    51 |    49 ||   157
       War axe           |       |       |   235 |   245 ||   480
Throw: Stone             |     2 |     3 |    13 |       ||    18
       Dart              |       |       |    13 |       ||    13
Invok: Berserk           |     1 |     1 |     1 |     3 ||     6
       Trog's Hand       |       |     1 |     2 |     2 ||     5
  Use: Scroll            |       |     2 |     4 |       ||     6
Armor: Animal skin       |     2 |       |       |       ||     2
       Ring mail         |     3 |    47 |    66 |     7 ||   123
       Scale mail        |       |       |       |    54 ||    54
Dodge: Dodged            |    38 |   141 |   183 |   120 ||   482

Table legend: (Time is in decaauts)
 A = Elapsed time spent in this place.
 B = Non-inter-level travel time spent in this place.
 C = Inter-level travel time spent in this place.
 D = Time resting spent in this place.
 E = Time spent auto-exploring this place.
 F = Levels seen in this place.
 G = Mean time per level.
                   A        B        C        D        E       F      G
               +--------+--------+--------+--------+--------+-----+--------+
         Total |  12791 |  12169 |    622 |   1806 |   7425 |  13 |  983.9 |
       Dungeon |  11323 |  10723 |    600 |   1680 |   6518 |  10 | 1132.3 |
        Temple |    132 |    110 |     22 |      0 |    109 |   1 |  132.0 |
          Lair |    424 |    424 |      0 |    126 |    180 |   1 |  424.0 |
         Sewer |    911 |    911 |      0 |      0 |    617 |   1 |  911.0 |
               +--------+--------+--------+--------+--------+-----+--------+

Top non-repeatable levels by time:
     D:7: 1476 daAuts
     D:1: 1396 daAuts
     D:6: 1353 daAuts
     D:9: 1290 daAuts
    D:10: 1218 daAuts
     D:5: 1072 daAuts
   Sewer: 911 daAuts
     D:2: 911 daAuts
     D:8: 885 daAuts
     D:4: 875 daAuts
     D:3: 844 daAuts
  Lair:1: 424 daAuts
  Temple: 132 daAuts
